Map: Honorgrounds LE

Players

Musumeci

  • Race: Zerg Zerg
  • League: Diamond
  • Spawn Location: 5:00

DeadLine - Winner!

  • Race: Zerg Zerg
  • League: Diamond
  • Spawn Location: 11:00

VOD

Have the link to the VOD?

Description

Time

  • Played on: Feb. 15, 2017, 5:08 a.m.
  • Length: 5:27
Show
View Real Time Build Order
Export as new Build Order

Musumeci Zerg 

Build Orders: Hatch First 

Get SALT Encoding   

  12  0:01  Drone  
  13  0:08  Drone  
  14  0:18  Extractor  
  14  0:19  Drone  
  15  0:23  Overlord  
  15  0:42  Drone x2  
  17  0:56  Hatchery  
  16  1:11  Spawning Pool  
  16  1:14  Extractor  
  16  1:15  Drone  
  15  1:19  Drone  
  15  1:24  Drone  
  16  1:58  Zergling x4  
  18  2:02  Queen  
  18  2:04  Spine Crawler  
  20  2:08  Zergling x2  
  20  2:10  Queen  
  20  2:14  Zergling x2  
  23  2:21  Metabolic Boost  
  20  2:46  Zergling x4  
  21  2:57  Zergling x2  
  14  3:33  Zergling x6  
  7  3:49  Zergling x2  
  6  4:03  Drone  
  6  4:04  Drone  
  8  4:14  Drone  
  9  4:27  Zergling x2  
  10  4:41  Drone  
  10  4:42  Drone  
  12  4:48  Zergling x2  
  13  4:59  Zergling x2  
  14  5:07  Drone x2  
Show
View Real Time Build Order
Export as new Build Order

DeadLine Zerg - Winner!

Build Orders: Pool First, Zergling Baneling 

Get SALT Encoding   

  12  0:01  Drone  
  13  0:09  Drone  
  14  0:14  Extractor  
  13  0:30  Spawning Pool  
  12  0:36  Drone  
  12  0:37  Drone  
  14  0:45  Extractor  
  14  0:46  Drone  
  15  0:57  Overlord  
  15  1:17  Metabolic Boost  
  15  1:19  Zergling x4  
  15  1:21  Zergling x2  
  18  1:45  Zergling x4  
  18  1:46  Baneling Nest  
  19  1:55  Queen  
  19  1:57  Zergling x2  
  22  2:06  Overlord  
  22  2:21  Spine Crawler  
  21  2:28  Zergling x4  
  22  2:45  Zergling x2  
  22  2:46  Zergling x2  
  22  3:02  Baneling x5  
  22  3:07  Zergling x4  
  19  3:49  Zergling x4  
  19  3:50  Zergling x6  
  19  3:51  Zergling x2  
  24  3:57  Hatchery  
  20  4:12  Drone x2  
  20  4:15  Queen  
  24  4:21  Drone  
  25  4:33  Drone x3  
  25  4:36  Baneling  
  25  4:37  Baneling  
  28  4:40  Baneling  
  28  4:42  Baneling  
  28  4:45  Baneling  
  28  4:46  Baneling  
  28  4:57  Drone x2  
  30  5:01  Overlord  
Tags
 
Add a new tag
Caveats
  • Supply blocks, unpowered buildings, or Contaminate may cause inaccurate times.
  • Supply counts are checked every 10 seconds.